[Event "XXVII RUS-chT Women 2020"]
[Site "Sochi"]
[Date "2020.11.20"]
[Round "2.14"]
[White "Gubernatorova, Lyudmila"]
[Black "Semenova, Elena"]
[Result "0-1"]
[ECO "E21"]
[WhiteElo "2200"]
[BlackElo "2299"]
[Annotator "NA"]
[PlyCount "66"]
[EventDate "2020.11.19"]
[EventType "team-tourn"]
[EventCountry "RUS"]
[SourceTitle "playchess.com"]
[Source "ChessBase"]
[SourceQuality "1"]
[TimeControl "40/5400+30:1800+30"]

1. d4 Nf6 2. c4 e6 3. Nf3 b6 4. Nc3 Bb4 5. Bg5 h6 6. Bh4 g5 7. Bg3 Ne4 8. Qc2 Bxc3+ 9. bxc3 Bb7 10. e3 d6 11. Bd3 Nxg3 12. fxg3 g4 13. Nh4 Qg5 14. O-O Qxe3+ 15. Kh1 Nd7 16. a4 a5 17. Rf4 (17. c5 $5) 17... O-O-O 18. Rxg4 Kb8 19. Rf4 f5 20. Raf1 Bc6 21. Qb1 Qd2 22. d5 $17 (22. Qc2 $15 Qxc2 23. Bxc2) 22... exd5 23. Nf3 Qxc3 24. Nd4 Bb7 25. cxd5 Bxd5 26. Bxf5 Nc5 27. Qb5 Ka8 28. Nc6 Rde8 29. Bd7 Re1 30. Ne7 Rxe7 31. Bc6+ Bxc6 32. Qxc6+ Ka7 33. h3 Ne4 0-1

[Event "XXVII RUS-chT Women 2020"]
[Site "Sochi"]
[Date "2020.11.20"]
[Round "2.15"]
[White "Vasilevich, Irina"]
[Black "Dorokhina, Elizaveta"]
[Result "1-0"]
[ECO "A25"]
[WhiteElo "2258"]
[BlackElo "1824"]
[Annotator "ChessBase"]
[PlyCount "103"]
[EventDate "2020.11.19"]
[EventType "team-tourn"]
[EventCountry "RUS"]
[SourceTitle "playchess.com"]
[Source "ChessBase"]
[SourceQuality "1"]
[TimeControl "40/5400+30:1800+30"]

1. c4 e5 2. Nc3 Nc6 3. g3 Nf6 4. Bg2 Bc5 5. a3 a6 6. e3 d6 7. Nge2 O-O 8. O-O Bf5 9. d4 Ba7 10. b4 Qd7 11. Nd5 Nxd5 12. cxd5 Ne7 13. dxe5 dxe5 14. Bb2 f6 15. Qb3 Kh8 16. Rac1 Nc8 17. Nc3 Nd6 18. Na4 b5 19. Nc5 Bxc5 20. bxc5 Nc4 21. Rfd1 Bg4 22. Rd3 Rab8 23. Rc2 Rfd8 24. Bc1 Qe7 25. c6 e4 26. Rd4 Bf5 27. h3 Qf7 28. Kh2 Rbc8 29. Rcxc4 bxc4 30. Qxc4 Rb8 31. f3 exf3 32. Bxf3 Bc8 33. e4 g5 34. Rd2 Qe7 35. Bb2 Rxb2 36. Rxb2 Qxa3 37. Rf2 Qe3 38. Qf1 Rd6 39. Re2 Qd4 40. e5 Rd8 41. e6 Re8 42. Qb1 g4 43. hxg4 Qc3 44. Be4 a5 45. Kg2 Ba6 46. Qh1 Re7 47. Qh6 Kg8 48. Rf2 Bd3 49. Bxd3 Qxd3 50. Qxf6 Qxd5+ 51. Kh2 Qd8 52. Qg5+ 1-0

[Event "XXVII RUS-chT Women 2020"]
[Site "Sochi"]
[Date "2020.11.20"]
[Round "2.16"]
[White "Tinina, Kristina"]
[Black "Mikheeva, Galina"]
[Result "1-0"]
[ECO "C61"]
[WhiteElo "1678"]
[BlackElo "1943"]
[Annotator "NA"]
[PlyCount "127"]
[EventDate "2020.11.19"]
[EventType "team-tourn"]
[EventCountry "RUS"]
[SourceTitle "playchess.com"]
[Source "ChessBase"]
[SourceQuality "1"]
[TimeControl "40/5400+30:1800+30"]

1. e4 e5 2. Nf3 Nc6 3. Bb5 Nd4 4. Bc4 Nxf3+ 5. Qxf3 Qf6 6. Qg3 Bc5 7. d3 h6 8. f4 exf4 9. Bxf4 d6 10. e5 dxe5 11. Bxe5 Bf2+ 12. Qxf2 Qxe5+ 13. Kd2 Qg5+ 14. Kc3 Be6 15. Re1 Ke7 16. Nd2 Nf6 17. Nf3 Qa5+ 18. Kb3 Nd7 19. a3 Rae8 20. Bxe6 fxe6 21. Qd4 Qb6+ 22. Qxb6 Nxb6 23. Ne5 Rhg8 24. Rf1 Kd6 25. Ng6 e5 26. Rae1 Re6 27. Nh4 Rf6 28. Nf5+ Ke6 29. Nd4+ Kd5 30. Nf3 Nd7 31. Kc3 Rgf8 32. Rf2 g5 33. Rfe2 Rf5 34. Re4 Re8 35. d4 c5 36. dxe5 Nxe5 37. Nxe5 Rfxe5 38. Rxe5+ Rxe5 39. Rd1+ Kc6 40. Rd2 Re3+ 41. Rd3 Rxd3+ 42. Kxd3 Kd5 43. g4 Ke5 44. Ke3 b5 45. b4 Kd5 46. Kd3 c4+ 47. Ke3 c3 48. Kd3 Ke5 49. Ke3 a6 50. h3 Kd5 51. Kd3 Ke5 52. Kxc3 Kf4 53. Kd4 Kg3 54. c4 bxc4 55. Kxc4 Kxh3 56. a4 Kxg4 57. b5 axb5+ 58. axb5 Kh3 59. b6 g4 60. b7 g3 61. b8=Q g2 62. Qb3+ Kh2 63. Qc2 h5 64. Qf2 1-0

[Event "XXVII RUS-chT Women 2020"]
[Site "Sochi"]
[Date "2020.11.20"]
[Round "2.17"]
[White "Kochukova, Anna"]
[Black "Getman, Tatyana"]
[Result "0-1"]
[ECO "B92"]
[WhiteElo "2111"]
[BlackElo "2303"]
[Annotator "NA"]
[PlyCount "132"]
[EventDate "2020.11.19"]
[EventType "team-tourn"]
[EventCountry "RUS"]
[SourceTitle "playchess.com"]
[Source "ChessBase"]
[SourceQuality "1"]
[TimeControl "40/5400+30:1800+30"]

1. e4 c5 2. Nf3 Nf6 3. Nc3 d6 4. d4 cxd4 5. Nxd4 a6 6. Be2 e5 7. Nb3 Be7 8. Bg5 Be6 9. Bxf6 Bxf6 10. O-O O-O 11. Nd5 Nd7 12. c4 Rc8 $11 13. Rc1 Bg5 14. Rc3 Nb6 15. Qd3 Nxd5 16. cxd5 Bd7 17. Rxc8 Qxc8 18. Na5 Qc7 19. Nc4 Qc5 20. Qg3 h6 21. h4 Be7 22. Ne3 Qd4 23. Bg4 Bxg4 24. Qxg4 h5 25. Qxh5 Qxe4 26. g3 g6 27. Qd1 Rc8 28. Qb3 b5 29. Qa3 Qa4 30. Qxa4 bxa4 31. b3 Rc3 32. Rb1 a3 33. Rd1 a5 34. Nc4 a4 35. Nxa3 axb3 36. axb3 Rxb3 37. Nc4 Rc3 38. Ne3 f5 39. Rb1 f4 40. gxf4 exf4 41. Ng4 Bxh4 42. Rb7 Kf8 43. Rb4 Bg5 44. Rb6 f3 45. Rb8+ Ke7 46. Rb7+ Ke8 47. Rb8+ Kd7 48. Rb7+ Kd8 49. Rb8+ Kc7 50. Rf8 Kd7 51. Nh2 Rc1+ 52. Nf1 Rd1 53. Rf7+ Ke8 54. Rxf3 Rxd5 55. Kg2 Ke7 56. Ne3 Rc5 57. Kg3 d5 58. Ng2 d4 59. Ne1 Rc3 60. Nd3 Ke6 61. Kg4 Bd2 62. Rh3 Kd5 63. f4 Be3 64. Ne5 Ke4 65. Nxg6 d3 66. Rh1 d2 0-1

[Event "XXVII RUS-chT Women 2020"]
[Site "Sochi"]
[Date "2020.11.20"]
[Round "2.18"]
[White "Nazarova, Anastasia"]
[Black "Zhurova, Anna"]
[Result "0-1"]
[ECO "B33"]
[WhiteElo "2190"]
[BlackElo "2078"]
[Annotator "NA"]
[PlyCount "76"]
[EventDate "2020.11.19"]
[EventType "team-tourn"]
[EventCountry "RUS"]
[SourceTitle "playchess.com"]
[Source "ChessBase"]
[SourceQuality "1"]
[TimeControl "40/5400+30:1800+30"]

1. e4 c5 2. Nf3 Nc6 3. d4 cxd4 4. Nxd4 Nf6 5. Nc3 g6 6. Nxc6 bxc6 7. e5 Ng8 8. Bc4 Bg7 9. Qf3 f5 10. Bf4 e6 11. O-O-O Qb6 12. Nb5 cxb5 13. Qxa8 Ne7 14. Bb3 a5 15. a3 O-O 16. Qf3 Nc6 17. Rd6 Re8 18. h4 a4 19. Ba2 b4 20. axb4 Qxb4 21. Qe3 Qb5 22. c4 Qa5 23. c5 Nb4 24. Bc4 Ba6 25. Bxa6 Nxa6 26. c6 dxc6 27. Rhd1 Nb4 28. Kb1 Nd5 29. Qd2 Qb5 30. Ka1 a3 31. Rxd5 exd5 32. bxa3 Qa4 33. Ka2 Qc4+ 34. Ka1 Ra8 35. Qe3 Bf8 36. Rd3 Bc5 37. Rc3 Bd4 38. Kb2 Qb5+ 0-1

[Event "XXVII RUS-chT Women 2020"]
[Site "Sochi"]
[Date "2020.11.20"]
[Round "2.19"]
[White "Shestakova, Ekaterina"]
[Black "Pogorelskikh, Sofia"]
[Result "1/2-1/2"]
[ECO "B22"]
[WhiteElo "1966"]
[BlackElo "2128"]
[Annotator "NA"]
[PlyCount "81"]
[EventDate "2020.11.19"]
[EventType "team-tourn"]
[EventCountry "RUS"]
[SourceTitle "playchess.com"]
[Source "ChessBase"]
[SourceQuality "1"]
[TimeControl "40/5400+30:1800+30"]

1. e4 c5 2. c3 Nf6 3. e5 Nd5 4. d4 cxd4 $11 5. cxd4 d6 6. Nf3 Nc6 7. Bc4 dxe5 8. dxe5 Ndb4 9. Qxd8+ Nxd8 10. Na3 Bg4 11. Nd4 Ndc6 12. Nxc6 Nxc6 13. f3 Bf5 14. Bf4 e6 15. Rd1 Bb4+ 16. Ke2 O-O 17. Nb5 Rfd8 18. Rxd8+ Rxd8 19. Rd1 Rxd1 20. Kxd1 a6 21. Nd6 Bxd6 22. exd6 Kf8 23. Be3 Ke8 24. Kd2 Kd7 25. Bc5 b5 26. Be2 Na5 27. Bb4 Nb7 28. a4 Kc6 29. axb5+ axb5 30. g4 Bg6 31. d7 f5 32. Ba5 Kxd7 33. Bxb5+ Kd6 34. Bc3 fxg4 35. fxg4 e5 36. b4 Kd5 37. Ke3 Nd6 38. Be2 Nc4+ 39. Kf2 Be4 40. Bxc4+ Kxc4 41. Bxe5 1/2-1/2

[Event "XXVII RUS-chT Women 2020"]
[Site "Sochi"]
[Date "2020.11.20"]
[Round "2.20"]
[White "Yurasova, Daria"]
[Black "Lesnykh, Zhanna"]
[Result "1-0"]
[ECO "A80"]
[WhiteElo "2075"]
[BlackElo "1755"]
[Annotator "ChessBase"]
[PlyCount "63"]
[EventDate "2020.11.19"]
[EventType "team-tourn"]
[EventCountry "RUS"]
[SourceTitle "playchess.com"]
[Source "ChessBase"]
[SourceQuality "1"]
[TimeControl "40/5400+30:1800+30"]

1. d4 f5 2. Bg5 g6 3. Nc3 Bg7 4. e3 Nf6 5. h4 h6 6. Bxf6 Bxf6 7. g4 e6 8. Nh3 Nc6 9. gxf5 exf5 10. Nf4 Ne7 11. Nxg6 Nxg6 12. Qh5 Kf7 13. Rg1 Bg5 14. hxg5 hxg5 15. Qxg5 Qxg5 16. Rxg5 Kf6 17. Rg1 c6 18. d5 Ne5 19. O-O-O Rb8 20. e4 f4 21. Ne2 f3 22. Nf4 Rh4 23. Nd3 Rxe4 24. Rg3 Rg4 25. Rh3 Rg8 26. Nxe5 Kxe5 27. Rxf3 b6 28. dxc6 dxc6 29. Re3+ Kf6 30. Rd6+ Kg7 31. Rg3+ Kh7 32. Bd3+ 1-0

[Event "XXVII RUS-chT Women 2020"]
[Site "Sochi"]
[Date "2020.11.20"]
[Round "2.21"]
[White "Goltseva, Ekaterina"]
[Black "Zherebtsova, Alexandra"]
[Result "1/2-1/2"]
[ECO "D02"]
[WhiteElo "2306"]
[BlackElo "2204"]
[Annotator "NA"]
[PlyCount "80"]
[EventDate "2020.11.19"]
[EventType "team-tourn"]
[EventCountry "RUS"]
[SourceTitle "playchess.com"]
[Source "ChessBase"]
[SourceQuality "1"]
[TimeControl "40/5400+30:1800+30"]

1. Nf3 d5 2. d4 Nf6 3. c4 e6 4. g3 g6 5. Bg2 Bg7 6. O-O O-O 7. Qc2 Ne4 8. Nc3 f5 9. Bf4 Nc6 $14 10. Rad1 g5 11. Be5 Nxe5 12. Nxe5 Nxc3 13. bxc3 c6 14. Nd3 b6 15. Nb4 Bb7 16. Qa4 Qc7 17. Nd3 Rac8 18. Rc1 a6 19. Qb3 b5 20. cxd5 cxd5 21. Nc5 Rfe8 22. Nxb7 Qxb7 23. c4 Rxc4 24. Rxc4 dxc4 25. Bxb7 cxb3 26. axb3 Bxd4 27. Bxa6 b4 28. Bc4 Kf7 29. Rd1 Rd8 30. Kg2 Bf6 31. Rxd8 Bxd8 32. h3 Kf6 33. g4 h6 34. Kf3 Ke5 35. e3 Bb6 36. Bd3 Ba7 37. Bc4 Bb6 38. Bd3 Ba7 39. Bc4 Bb6 40. Bd3 Ba7 1/2-1/2

[Event "XXVII RUS-chT Women 2020"]
[Site "Sochi"]
[Date "2020.11.20"]
[Round "2.22"]
[White "Doroshenko, Diana"]
[Black "Vifleemskaia, Svetlana"]
[Result "1-0"]
[ECO "A30"]
[WhiteElo "2204"]
[BlackElo "1911"]
[Annotator "NA"]
[PlyCount "71"]
[EventDate "2020.11.19"]
[EventType "team-tourn"]
[EventCountry "RUS"]
[SourceTitle "playchess.com"]
[Source "ChessBase"]
[SourceQuality "1"]
[TimeControl "40/5400+30:1800+30"]

1. c4 c5 2. Nf3 Nc6 3. e3 e5 4. Nc3 Nf6 5. d4 cxd4 6. exd4 e4 7. Ne5 Bb4 8. Be2 Qa5 9. Nxc6 bxc6 10. Bd2 O-O 11. O-O Re8 12. c5 h6 13. a3 Bxc3 14. bxc3 Qd8 15. c4 d5 16. cxd6 Qxd6 17. Be3 Bf5 18. h3 Nd7 19. Qd2 a5 20. Bf4 Qe7 21. Rfd1 g5 22. Be3 Bg6 23. h4 f6 24. a4 Reb8 25. Rdb1 Qd8 26. hxg5 hxg5 27. g3 Kg7 28. Kg2 Bf5 29. Qc3 Qc7 30. Rh1 Rh8 31. Bd2 Nb6 32. Bxg5 Rxh1 33. Rxh1 fxg5 34. d5+ Kg6 35. Bh5+ Kh7 36. Bf7+ 1-0

[Event "XXVII RUS-chT Women 2020"]
[Site "Sochi"]
[Date "2020.11.20"]
[Round "2.23"]
[White "Zavivaeva, Emilia"]
[Black "Khokhlova, Daria"]
[Result "0-1"]
[ECO "A48"]
[WhiteElo "1790"]
[BlackElo "2196"]
[Annotator "NA"]
[PlyCount "68"]
[EventDate "2020.11.19"]
[EventType "team-tourn"]
[EventCountry "RUS"]
[SourceTitle "playchess.com"]
[Source "ChessBase"]
[SourceQuality "1"]
[TimeControl "40/5400+30:1800+30"]

1. d4 Nf6 2. Nf3 g6 3. e3 Bg7 4. Be2 d6 5. b3 Nbd7 6. Bb2 b6 7. O-O O-O 8. c4 Bb7 9. Nbd2 c5 10. d5 e5 11. Qc2 Ne8 12. h4 f5 13. Ng5 Nc7 14. f4 Qe7 15. e4 h6 16. Nh3 Qxh4 17. fxe5 Nxe5 18. exf5 Bc8 19. Rf4 Qe7 20. f6 Rxf6 21. Rxf6 Qxf6 22. Rf1 Bf5 23. Ne4 Qe7 24. Nf4 Nd7 25. Bd3 Bxb2 26. Qxb2 Bxe4 27. Re1 Nf6 28. Nxg6 Qg7 29. Bxe4 Nxe4 30. Qxg7+ Kxg7 31. Ne7 Nf6 32. Nf5+ Kg6 33. Nxd6 Rd8 34. Re7 Ncxd5 0-1

[Event "XXVII RUS-chT Women 2020"]
[Site "Sochi"]
[Date "2020.11.20"]
[Round "2.24"]
[White "Mukhina, Jana"]
[Black "Zavivaeva, Evelina"]
[Result "1-0"]
[ECO "C88"]
[WhiteElo "2012"]
[BlackElo "1589"]
[Annotator "NA"]
[PlyCount "61"]
[EventDate "2020.11.19"]
[EventType "team-tourn"]
[EventCountry "RUS"]
[SourceTitle "playchess.com"]
[Source "ChessBase"]
[SourceQuality "1"]
[TimeControl "40/5400+30:1800+30"]

1. e4 e5 2. Nf3 Nc6 3. Bb5 a6 4. Ba4 Nf6 $11 5. O-O Be7 6. Re1 b5 7. Bb3 O-O 8. a4 Bb7 9. Nc3 b4 10. Nd5 a5 11. c3 Re8 12. Nxe7+ Qxe7 13. d4 bxc3 14. bxc3 exd4 15. e5 Ng4 16. cxd4 Nb4 17. Ng5 Nh6 18. Ne4 Nf5 19. Bg5 Qf8 20. Nc5 Bc6 21. Rc1 d6 22. Nd3 Ra6 23. Nxb4 axb4 24. Qd3 Rb6 25. Qxf5 h6 26. Be3 d5 27. a5 Ra6 28. Qd3 Rea8 29. Rc5 Bb7 30. Rxc7 Bc6 31. Rc1 1-0

[Event "XXVII RUS-chT Women 2020"]
[Site "Sochi"]
[Date "2020.11.21"]
[Round "3.1"]
[White "Bodnaruk, Anastasia"]
[Black "Pogonina, Natalija"]
[Result "1-0"]
[ECO "C92"]
[WhiteElo "2414"]
[BlackElo "2475"]
[Annotator "RC"]
[PlyCount "175"]
[EventDate "2020.11.19"]
[EventType "team-tourn"]
[EventCountry "RUS"]
[SourceTitle "playchess.com"]
[Source "ChessBase"]
[SourceQuality "1"]
[TimeControl "40/5400+30:1800+30"]

1. e4 e5 2. Nf3 Nc6 3. Bb5 a6 4. Ba4 Nf6 5. O-O Be7 6. Re1 b5 7. Bb3 d6 8. c3 O-O 9. h3 Re8 10. d4 Bb7 11. Nbd2 Bf8 12. d5 Nb8 13. Nf1 Nbd7 14. N3h2 c6 15. Ng4 cxd5 16. exd5 Nxg4 17. hxg4 Be7 18. Ng3 g6 19. Be3 Bg5 20. Bxg5 Qxg5 21. Ne4 Qe7 22. a4 Nc5 23. Nxc5 dxc5 24. d6 Qd7 25. axb5 axb5 26. Rxa8 Bxa8 27. Bd5 Bxd5 28. Qxd5 Re6 29. Qxc5 Rxd6 30. Qxe5 Rd1 31. f3 Qd2 32. Rxd1 Qxd1+ 33. Kf2 Qb3 34. Qe2 h6 35. Qd2 Kh7 36. Kg3 Kg8 37. Kf2 Kh7 38. Ke2 Kg8 39. Qc1 Kh7 40. Kd2 Qc4 41. b4 Qd5+ 42. Ke2 Qc4+ 43. Kf2 Qa2+ 44. Kg3 Qe2 45. Kh3 Kg7 46. Qg1 g5 47. Qd4+ Kg8 48. Qe4 Qf1 49. Kg3 Kg7 50. Qe3 Kg8 51. Kh2 Kh7 52. g3 Qd1 53. Kg2 Kg8 54. Kf2 Qc2+ 55. Ke1 Qb1+ 56. Ke2 Qa2+ 57. Qd2 Qe6+ 58. Kf2 Qb3 59. f4 gxf4 60. gxf4 Qe6 61. Qe2 Qd7 62. Kg3 Qc6 63. Qd3 Qh1 64. f5 Qg1+ 65. Kf4 Qh2+ 66. Qg3 Qe2 67. Qf3 Qe1 68. Qd3 Qh4 69. Qxb5 Qf2+ 70. Ke4 Qg2+ 71. Ke3 Qg3+ 72. Kd2 Qxg4 73. Qe8+ Kg7 74. Qe5+ Kh7 75. b5 h5 76. Qd5 Qf4+ 77. Kd3 Qg3+ 78. Kc4 Qc7+ 79. Kb3 h4 80. Qe4 Qg3 81. b6 h3 82. f6+ Kh6 83. b7 h2 84. Qe8 Qg6 85. Qh8+ Qh7 86. b8=Q h1=Q 87. Qf4+ Kg6 88. Qg4+ 1-0

[Event "XXVII RUS-chT Women 2020"]
[Site "Sochi"]
[Date "2020.11.21"]
[Round "3.2"]
[White "Girya, Olga"]
[Black "Ovod, Evgenija"]
[Result "1/2-1/2"]
[ECO "D41"]
[WhiteElo "2469"]
[BlackElo "2338"]
[Annotator "ChessBase"]
[PlyCount "81"]
[EventDate "2020.11.19"]
[EventType "team-tourn"]
[EventCountry "RUS"]
[SourceTitle "playchess.com"]
[Source "ChessBase"]
[SourceQuality "1"]
[TimeControl "40/5400+30:1800+30"]

1. d4 d5 2. c4 e6 3. Nf3 Nf6 4. Nc3 c5 5. cxd5 Nxd5 6. e4 Nxc3 7. bxc3 cxd4 8. cxd4 Bb4+ 9. Bd2 Bxd2+ 10. Qxd2 O-O 11. Bc4 Nd7 12. O-O b6 13. Rfe1 Bb7 14. Rad1 Rc8 15. Bb3 Re8 16. h3 Nf6 17. Qf4 Nh5 18. Qe3 Nf6 19. Qf4 Nh5 20. Qe5 Nf6 21. Nh2 Qc7 22. f3 Red8 23. Ng4 Nxg4 24. hxg4 Qxe5 25. dxe5 Rxd1 26. Rxd1 Bc6 27. Kf2 h6 28. Ke3 Kf8 29. f4 Ke7 30. f5 Bb5 31. Rd2 Bc4 32. Rc2 Ba6 33. Rxc8 Bxc8 34. Kf4 Bb7 35. Bc2 Bc6 36. g3 g5+ 37. fxg6 fxg6 38. g5 h5 39. Ke3 Kd7 40. Bb3 Ke7 41. Kd4 1/2-1/2

[Event "XXVII RUS-chT Women 2020"]
[Site "Sochi"]
[Date "2020.11.21"]
[Round "3.3"]
[White "Styazhkina, Anna"]
[Black "Badelka, Olga"]
[Result "0-1"]
[ECO "B53"]
[WhiteElo "2319"]
[BlackElo "2427"]
[Annotator "NA"]
[PlyCount "70"]
[EventDate "2020.11.19"]
[EventType "team-tourn"]
[EventCountry "RUS"]
[SourceTitle "playchess.com"]
[Source "ChessBase"]
[SourceQuality "1"]
[TimeControl "40/5400+30:1800+30"]

1. e4 c5 2. Nf3 d6 3. d4 cxd4 4. Qxd4 a6 5. c4 Nc6 6. Qd2 Bg4 7. Be2 g6 8. O-O Bg7 9. Nc3 Nf6 10. Rb1 O-O 11. b3 Qa5 12. Bb2 Nd7 13. a3 Rfc8 14. h3 Bxf3 15. Bxf3 Nd4 16. Bd1 b5 17. b4 Qd8 18. cxb5 Nxb5 19. Nd5 Bxb2 20. Qxb2 e6 21. a4 exd5 22. axb5 axb5 23. exd5 Nb6 24. Bb3 Qh4 25. f4 Na4 26. Bxa4 bxa4 27. b5 a3 28. Qa2 Rc3 29. b6 Qg3 30. b7 Rb8 31. Kh1 h5 32. Rb6 Qd3 33. Re1 Rc2 34. Qb3 Qd2 35. Qg3 h4 0-1

[Event "XXVII RUS-chT Women 2020"]
[Site "Sochi"]
[Date "2020.11.21"]
[Round "3.4"]
[White "Guseva, Marina"]
[Black "Chernyak, Viktoria"]
[Result "1/2-1/2"]
[ECO "D15"]
[WhiteElo "2352"]
[BlackElo "2325"]
[Annotator "ChessBase"]
[PlyCount "83"]
[EventDate "2020.11.19"]
[EventType "team-tourn"]
[EventCountry "RUS"]
[SourceTitle "playchess.com"]
[Source "ChessBase"]
[SourceQuality "1"]
[TimeControl "40/5400+30:1800+30"]

1. d4 d5 2. c4 c6 3. Nc3 Nf6 4. Nf3 a6 5. e3 Bg4 6. b3 e6 7. Be2 Bb4 8. Bd2 Nbd7 9. O-O Bd6 10. h3 Bh5 11. Qc2 O-O 12. Rfe1 Re8 13. Rad1 Rc8 14. e4 Bg6 15. Bd3 e5 16. exd5 cxd5 17. Bxg6 hxg6 18. dxe5 Nxe5 19. Nxe5 Rxe5 20. Rxe5 Bxe5 21. Be1 d4 22. Ne2 Qe7 23. Qd3 Qa3 24. Qb1 b5 25. Nxd4 bxc4 26. bxc4 Rxc4 27. Nf3 Bf4 28. Rd8+ Kh7 29. Qb8 g5 30. Rh8+ Kg6 31. Qb1+ Ne4 32. Re8 f5 33. Qb6+ Nf6 34. Re6 Qxa2 35. g3 Qa3 36. Kg2 Bc7 37. Rxf6+ gxf6 38. Qe6 Qc5 39. Qg8+ Kh6 40. Qh8+ Kg6 41. Qg8+ Kh6 42. Qh8+ 1/2-1/2

[Event "XXVII RUS-chT Women 2020"]
[Site "Sochi"]
[Date "2020.11.21"]
[Round "3.5"]
[White "Shuvalova, Polina"]
[Black "Vasilevich, Tatjana"]
[Result "1/2-1/2"]
[ECO "B04"]
[WhiteElo "2454"]
[BlackElo "2353"]
[Annotator "RC"]
[PlyCount "81"]
[EventDate "2020.11.19"]
[EventType "team-tourn"]
[EventCountry "RUS"]
[SourceTitle "playchess.com"]
[Source "ChessBase"]
[SourceQuality "1"]
[TimeControl "40/5400+30:1800+30"]

1. e4 Nf6 2. e5 Nd5 3. d4 d6 4. Nf3 g6 5. c4 Nb6 6. exd6 cxd6 7. Nc3 Bg7 8. Be3 O-O 9. Rc1 Nc6 10. d5 Ne5 11. Nxe5 Bxe5 12. Bd3 e6 13. O-O exd5 14. cxd5 Nd7 15. Re1 Nc5 16. Bxc5 Bxc3 17. Rxc3 dxc5 18. Rxc5 b6 19. Rc3 Qxd5 20. Be4 Qxd1 21. Rxd1 Rb8 22. Rc7 a5 23. Bd5 Bf5 24. h4 Kg7 25. Re1 Rbd8 26. Bb3 Rd2 27. Ree7 Rxb2 28. Bxf7 Kf6 29. Bb3 a4 30. Bxa4 Rb1+ 31. Kh2 Rb4 32. Bb3 Rxh4+ 33. Kg1 h5 34. g3 Re4 35. Rxe4 Bxe4 36. Rc4 Ke5 37. f4+ Kf5 38. Rb4 Rd8 39. Rxb6 Kg4 40. Kf2 Bf5 41. Bf7 1/2-1/2

[Event "XXVII RUS-chT Women 2020"]
[Site "Sochi"]
[Date "2020.11.21"]
[Round "3.6"]
[White "Gritsayeva, Oksana"]
[Black "Bivol, Alina"]
[Result "1/2-1/2"]
[ECO "A45"]
[WhiteElo "2351"]
[BlackElo "2373"]
[Annotator "NA"]
[PlyCount "85"]
[EventDate "2020.11.19"]
[EventType "team-tourn"]
[EventCountry "RUS"]
[SourceTitle "playchess.com"]
[Source "ChessBase"]
[SourceQuality "1"]
[TimeControl "40/5400+30:1800+30"]

1. d4 Nf6 2. Bf4 g6 3. Nc3 d5 4. e3 Bg7 5. h4 h5 6. Nf3 Bg4 7. Be2 c6 8. Ne5 Bxe2 9. Qxe2 Nbd7 10. O-O-O Qa5 11. Kb1 Nb6 12. e4 Rc8 $14 13. f3 Qa6 14. Qf2 dxe4 15. Nxe4 Nxe4 16. fxe4 Nc4 17. Nxc4 Qxc4 18. g4 hxg4 19. Qg3 Qe6 20. Bg5 Rd8 21. Qe3 Rh5 22. c3 Bf6 23. Rhf1 Bxg5 24. hxg5 Rd5 25. Qf4 Rd8 26. Rde1 Rh7 27. Rg1 b5 28. Rxg4 b4 29. Rg3 bxc3 30. Rxc3 Rxd4 31. Qb8+ Rd8 32. Qxa7 Rh1 33. Rcc1 Rxe1 34. Rxe1 Qc4 35. a3 Rd2 36. Qb8+ Kd7 37. Qb7+ Ke6 38. Qc8+ Ke5 39. Qh8+ Ke6 40. Qc8+ Ke5 41. Qb8+ Ke6 42. Qc7 Qxe4+ 43. Ka1 1/2-1/2

[Event "XXVII RUS-chT Women 2020"]
[Site "Sochi"]
[Date "2020.11.21"]
[Round "3.7"]
[White "Voit, Daria"]
[Black "Tomilova, Elena"]
[Result "1-0"]
[ECO "D11"]
[WhiteElo "2353"]
[BlackElo "2358"]
[Annotator "NA"]
[PlyCount "73"]
[EventDate "2020.11.19"]
[EventType "team-tourn"]
[EventCountry "RUS"]
[SourceTitle "playchess.com"]
[Source "ChessBase"]
[SourceQuality "1"]
[TimeControl "40/5400+30:1800+30"]

1. Nf3 d5 2. d4 Nf6 3. c4 c6 4. e3 Bg4 5. h3 Bxf3 6. Qxf3 e6 7. Bd3 Bb4+ 8. Nc3 O-O 9. Bd2 Nbd7 10. a3 Ba5 11. cxd5 cxd5 12. O-O Rc8 $14 13. Rfc1 Re8 14. Qd1 Bxc3 15. Bxc3 Ne4 16. Bb4 Qb6 17. Qa4 Nb8 18. Bxe4 dxe4 19. Bc5 Qc6 20. Qxa7 Nd7 21. Bb4 Qxc1+ 22. Rxc1 Rxc1+ 23. Kh2 Rc7 24. Ba5 Rc2 25. Qxb7 Nf6 26. a4 Rxf2 27. Bc3 Nd5 28. a5 Nxe3 29. Qxe4 Rxg2+ 30. Kh1 Re2 31. a6 Nf5 32. Qc6 Rd8 33. a7 Ng3+ 34. Kg1 Rc2 35. a8=Q Ne2+ 36. Kf1 Ng3+ 37. Ke1 1-0

[Event "XXVII RUS-chT Women 2020"]
[Site "Sochi"]
[Date "2020.11.21"]
[Round "3.9"]
[White "Shafigullina, Zarina"]
[Black "Protopopova, Anastasiya"]
[Result "1/2-1/2"]
[ECO "E18"]
[WhiteElo "2302"]
[BlackElo "2267"]
[Annotator "ChessBase"]
[PlyCount "97"]
[EventDate "2020.11.19"]
[EventType "team-tourn"]
[EventCountry "RUS"]
[SourceTitle "playchess.com"]
[Source "ChessBase"]
[SourceQuality "1"]
[TimeControl "40/5400+30:1800+30"]

1. d4 Nf6 2. c4 e6 3. Nf3 b6 4. g3 Bb7 5. Bg2 Be7 6. O-O O-O 7. Nc3 Ne4 8. Bd2 d5 9. Ne5 Nd7 10. Nxe4 dxe4 11. Qc2 f5 12. Nxd7 Qxd7 13. Bc3 c5 14. Rad1 Qc7 15. d5 exd5 16. cxd5 Rad8 17. f3 Rxd5 18. Rxd5 Bxd5 19. fxe4 fxe4 20. Rxf8+ Bxf8 21. Bxe4 Bxe4 22. Qxe4 b5 23. Kg2 Qf7 24. b3 Qd7 25. h4 g6 26. Qe5 Kf7 27. h5 Qe6 28. hxg6+ hxg6 29. Qf4+ Kg8 30. Kf3 Bd6 31. Qe4 Qxe4+ 32. Kxe4 Bxg3 33. Kd5 Bf2 34. Bd2 Kf7 35. Bg5 c4 36. bxc4 bxc4 37. Kxc4 Ke6 38. e4 Ke5 39. Kd3 Bb6 40. Bc1 Bd8 41. Bb2+ Ke6 42. a4 g5 43. Ke3 Bf6 44. Ba3 Bc3 45. Bf8 a6 46. Kf3 Bd4 47. Bh6 Kf6 48. Bf8 Ke6 49. Bh6 1/2-1/2

[Event "XXVII RUS-chT Women 2020"]
[Site "Sochi"]
[Date "2020.11.21"]
[Round "3.10"]
[White "Lysenko, Margarita"]
[Black "Yakimova, Mariya"]
[Result "0-1"]
[ECO "A84"]
[WhiteElo "2237"]
[BlackElo "2244"]
[Annotator "NA"]
[PlyCount "70"]
[EventDate "2020.11.19"]
[EventType "team-tourn"]
[EventCountry "RUS"]
[SourceTitle "playchess.com"]
[Source "ChessBase"]
[SourceQuality "1"]
[TimeControl "40/5400+30:1800+30"]

1. d4 f5 2. c4 Nf6 3. Nf3 e6 4. Nc3 d5 5. e3 c6 6. Bd3 Bd6 7. O-O O-O 8. b3 Ne4 9. Ne2 Qe7 10. Bb2 b6 11. Ne5 Bb7 12. cxd5 exd5 13. f3 Ng5 $14 (13... Nc5 $11) 14. Ng3 g6 15. Rc1 c5 16. f4 Ne6 17. Ne2 Nc6 18. Kh1 Rac8 19. Nxc6 Bxc6 20. dxc5 bxc5 21. Ng1 Qb7 22. Nf3 Rfd8 23. Ne5 Bxe5 24. Bxe5 c4 25. Be2 d4 26. exd4 Bxg2+ 27. Kg1 Bxf1 28. Bxf1 Qe4 29. Bxc4 Kf8 30. Qd2 Nxd4 31. Qb4+ Ke8 32. Qa4+ Nc6 33. Rf1 Rd2 34. Rf2 Qe1+ 35. Rf1 Qe3+ 0-1